 Dungeon Crawl Stone Soup version 0.18.1-50-g88ac8fd (webtiles) character file.

203 magog001 the Skirmisher (level 5, 0/47 HPs)
             Began as a Hill Orc Fighter on Jan 26, 2017.
             Killed by divine providence
             ... invoked by an orc priest
              (12 damage)
             ... on level 4 of the Dungeon.
             The game lasted 00:16:12 (2855 turns).

magog001 the Skirmisher (Hill Orc Fighter)          Turns: 2855, Time: 00:16:13

Health: 0/47       AC:  8    Str: 20    XL:     5   Next: 81%
Magic:  5/5        EV:  7    Int:  8    God:
Gold:   190        SH:  9    Dex: 10    Spells: 0 memorised, 4 levels left

rFire  . . .     SeeInvis .     l - +0 spear (venom)
rCold  . . .     Gourm    .     b - +0 scale mail
rNeg   . . .     Faith    .     c - +0 shield
rPois  .         Spirit   .     k - +0 helmet
rElec  .         Dismiss  .     (no cloak)
rCorr  .         Reflect  .     (no gloves)
SustAt .         Harm     .     (no boots)
MR     .....                    (no amulet)
Stlth  ..........               (no ring)
                                e - ring of wizardry

@: not resistant to hostile enchantments, extremely unstealthy
A: no striking features
a: Convert to Beogh


You were on level 4 of the Dungeon.
You were not hungry.

You visited 1 branch of the dungeon, and saw 5 of its levels.

You collected 190 gold pieces.

Inventory:

Hand Weapons
 a - a +0 war axe
 l - a +0 spear of venom (weapon)
 w - a +2 hand axe of flaming
Missiles
 h - 12 poisoned needles
 o - 5 tomahawks (quivered)
Armour
 b - a +0 scale mail (worn)
 c - a +0 shield (worn)
 k - a +0 helmet (worn)
Jewellery
 e - a ring of wizardry (left hand)
 g - an uncursed ring of positive energy {unknown}
Wands
 m - a wand of digging (15/24)
 u - a wand of lightning (8/15)
Scrolls
 i - 2 scrolls of fog
 p - 2 scrolls of random uselessness {unknown}
 s - 3 scrolls of identify
Potions
 d - 2 potions of might
 j - 2 potions of berserk rage
 q - a potion of lignification {unknown}
 r - 3 potions of curing
 x - a potion of heal wounds {unknown}
Books
 n - Sif Muna's Papyrus of Transmigration
   (You found it on level 2 of the Dungeon)

   Spells                             Type                      Level
   a - Beastly Appendage              Transmutation                1
Comestibles
 f - 2 bread rations
 t - a meat ration
 v - 2 beef jerkies
 z - a royal jelly
 A - 2 chunks of flesh


   Skills:
 + Level 4.7 Fighting
 + Level 3.0(3.8) Axes
 * Level 2.9(3.3) Polearms
 + Level 3.9 Armour
 + Level 0.8 Dodging
 + Level 0.1 Stealth
 + Level 4.5 Shields


You had 4 spell levels left.
You didn't know any spells.

Dungeon Overview and Level Annotations

Branches:
Dungeon (5/15)
 Temple: D:4-7

Altars:
Cheibriados
Dithmenos
Gozag
Kikubaaqudgha
Okawaru
Pakellas
Qazlal
Ru
Sif Muna
Vehumet
The Shining One


Message History

The orc wizard seems to speed up.
Drink which item? (? for menu, Esc to quit)
It was a potion of curing.
You feel better.
The orc priest looks more healthy.
The orc priest hits you with a falchion of protection.
* * * LOW HITPOINT WARNING * * *
You block the orc's attack.
The orc wizard mumbles some strange words.
The orc wizard blinks!
You completely miss the orc priest.
The orc priest is severely wounded.
The orc priest hits you but does no damage.
The orc barely misses you.
You hit the orc priest but do no damage.
The orc priest is poisoned.
The orc priest is severely wounded.
You block the orc priest's attack. You block the orc's attack.
There is a stone staircase leading down here.
The orc priest invokes the aid of Beogh against you.
Beogh smites you!
You die...

#.########.###
# #.# #.....# #
#.#
###.....######
#.#
#.............
#.#
#.#.....######
#.# #.#.....#
#.# #.#.#....
#.####........#
#.@>oo...#....#
######..#.#...#
#.#._.#.##
#.o#.#..# ...
.. .... ..
.#{## # .#.#


You could see an orc priest and an orc.

Vanquished Creatures
  2 orc wizards (D:4)
  A worker ant (D:4)
  A hound skeleton (D:4)
  2 adders
  2 oozes
  A worm (D:2)
  A dart slug (D:2)
  4 giant geckos
  5 orcs
  4 giant cockroaches
  8 goblins
  10 hobgoblins
  3 jackals (D:3)
  A quokka (D:2)
  A ball python (D:2)
  9 bats
  3 giant newts
  6 kobolds
  3 rats
67 creatures vanquished.

Notes
Turn   | Place    | Note
--------------------------------------------------------------
     0 | D:1      | magog001 the Hill Orc Fighter began the quest for the Orb.
     0 | D:1      | Reached XP level 1. HP: 19/19 MP: 1/1
   152 | D:1      | Reached XP level 2. HP: 22/27 MP: 2/2
   537 | D:1      | Reached XP level 3. HP: 33/33 MP: 3/3
   906 | D:2      | Found an ancient bone altar of Kikubaaqudgha.
   907 | D:2      | Found a deep blue altar of Sif Muna.
   910 | D:2      | Found a radiant altar of Vehumet.
   914 | D:2      | Reached skill level 1 in Polearms
   923 | D:2      | Identified Sif Muna's Papyrus of Transmigration
  1578 | D:2      | Reached XP level 4. HP: 38/40 MP: 4/4
  1818 | D:3      | You fall through a shaft for 2 floors!
  1818 | D:5      | Entered Level 5 of the Dungeon
  2003 | D:4      | Reached XP level 5. HP: 47/47 MP: 5/5
  2025 | D:4      | Found an iron altar of Okawaru.
  2026 | D:4      | Found an opulent altar of Gozag.
  2028 | D:4      | Found a stormy altar of Qazlal.
  2028 | D:4      | Found a shadowy altar of Dithmenos.
  2029 | D:4      | Found a snail-covered altar of Cheibriados.
  2029 | D:4      | Found a sacrificial altar of Ru.
  2107 | D:3      | Found a glowing golden altar of the Shining One.
  2400 | D:3      | Found an oddly glowing altar of Pakellas.
  2798 | D:4      | Found an iron altar of Okawaru.
  2855 | D:4      | Killed from afar by an orc priest

Skill      XL: |  1  2  3  4 |
---------------+-------------+-----
Fighting       | 4 |  4.7
Polearms       | 1 2 |  2.9
Shields        | 4 |  4.5
Axes           | 3 |  3.0
Armour         | |  3.9
Dodging        | |  0.8
Stealth        | |  0.1

Action                   |  1- 3 |  4- 6 || total
-------------------------+-------+-------++-------
Melee: War axe           |    41 |       ||    41
       Spear             |    50 |   121 ||   171
  Use: Scroll            |     5 |       ||     5
       Potion            |       |     1 ||     1
  Eat: Chunk             |     2 |     4 ||     6
Armor: Scale mail        |    41 |    57 ||    98
Dodge: Dodged            |    27 |    27 ||    54
Block: Shield            |    60 |    61 ||   121
